 Dungeon Crawl Stone Soup version 0.25-a0-42-g6c54e25894 (webtiles) character file.

Game seed: 4290353788894737011, levelgen mode: deterministic

106705 Amnesiac the Wrestler (level 15, -4/146 HPs)
             Began as a Troll Monk on Oct 23, 2019.
             Was the Champion of Ru.
             Slain by a shock serpent (12 damage)
             ... on level 3 of the Snake Pit.
             The game lasted 00:55:09 (25146 turns).

Amnesiac the Wrestler (Troll Monk)                 Turns: 25146, Time: 00:55:10

Health: -4/146     AC: 19    Str: 36    XL:     15   Next: 98%
Magic:  6/14       EV: 11    Int:  6    God:    Ru [******]
Gold:   1590       SH: 12    Dex: 13    Spells: 12/14 levels left

rFire    + . .     SeeInvis .     - Unarmed
rCold    x x x     Gourm    +   m - +0 shield {AC+3}
rNeg     + . .     Faith    .   c - +0 fire dragon scales
rPois    +         Spirit   .   x - +2 hat
rElec    .         Reflect  .   k - +1 cloak
rCorr    .         Harm     .   (gloves unavailable)
MR       +....                  (boots unavailable)
Stlth    ..........             (no amulet)
HPRegen  0.74/turn              y - ring of Uzorph Gifesa {rPois rC- rN+ Str+9 Stlth-}
MPRegen  0.14/turn              J - +3 ring of evasion

@: exhausted, constricted, heavily drained
A: large, unfitting armour, claws 3, fast metabolism 3, gourmand, regeneration
1, shaggy fur 1, tough skin 3, inability to use devices, no earth magic, no
hexes magic, no summoning magic, missing an eye, temperature sensitive
a: Draw Out Power, Power Leap, Apocalypse, Renounce Religion


You were on level 3 of the Snake Pit.
You worshipped Ru.
Ru was exalted by your worship.
You were hungry.

You visited 5 branches of the dungeon, and saw 23 of its levels.
You also visited: Volcano.

You collected 2401 gold pieces.
You spent 811 gold pieces at shops.

Inventory:

Missiles
 w - 43 poisoned darts (quivered)
Armour
 c - +0 fire dragon scales (worn)
 k - a +1 cloak (worn)
 m - a +0 shield of protection (worn)
 p - a +1 large shield of poison resistance
 x - a +2 hat (worn)
Jewellery
 r - an uncursed ring of protection from magic
 y - the ring of Uzorph Gifesa (left claw) {rPois rC- rN+ Str+9 Stlth-}
   (You found it on level 4 of the Lair of Beasts)

   [ring of positive energy]

   It affects your strength (+9).
   It makes you vulnerable to cold.
   It protects you from poison.
   It protects you from negative energy.
   It makes you less stealthy.
 J - a +3 ring of evasion (right claw)
Scrolls
 d - 14 scrolls of identify {!r}
 e - 7 scrolls of fear {!r}
 f - 7 scrolls of remove curse {!r}
 i - 6 scrolls of teleportation {!r}
 l - 2 scrolls of fog {!r}
 n - 7 scrolls of magic mapping {!r}
 o - a scroll of summoning {!r}
 q - a scroll of vulnerability {!r}
 s - a scroll of silence {!r, unknown}
 t - 2 scrolls of enchant armour {!r}
 u - a scroll of holy word {!r}
Potions
 a - 3 potions of brilliance {!q}
 g - 5 potions of heal wounds {!q}
 h - 12 potions of curing {!q}
 j - 4 potions of berserk rage {!q}
 v - 3 potions of ambrosia {!q}
 z - a potion of resistance {!q}
 A - 4 potions of mutation {!q}
 C - a potion of agility {!q}
 D - 3 potions of haste {!q}
 E - a potion of flight {!q}
 G - 2 potions of lignification {!q}
 H - a potion of magic {!q}
 I - 2 potions of might {!q}
Comestibles
 b - 34 rations


   Skills:
 - Level 9.0(7.1) Fighting
 - Level 9.0(7.1) Dodging
 - Level 1.0(0.0) Stealth
 - Level 9.0(7.1) Shields
 + Level 21.3(18.8) Unarmed Combat


You had 12 spell levels left.
You knew the following spells:

 Your Spells              Type           Power        Failure   Level  Hunger
a - Animate Skeleton      Necr           N/A          86%         1    ##.....
b - Apportation           Tloc           #.....       86%         1    ##.....

Your spell library contained the following spells:

 Spells                   Type           Power        Failure   Level  Hunger
 Song of Slaying          Chrm           #.......     94%         2    ###....
 Gell's Gravitas          Tloc           #.........   99%         3    ####...
 Iskenderun's Battlesphe  Conj/Chrm      #.......     100%        5    ######.
 Venom Bolt               Conj/Pois      #.........   100%        5    ######.
 Bolt of Cold             Conj/Ice       #.........   100%        6    #######
 Simulacrum               Ice/Necr       #.........   100%        6    #######
 Orb of Destruction       Conj           #.........   100%        7    #######
 Confusing Touch          Hex            Unusable     N/A         1    N/A
 Corona                   Hex            Unusable     N/A         1    N/A
 Summon Small Mammal      Summ           Unusable     N/A         1    N/A
 Ensorcelled Hibernation  Hex/Ice        Unusable     N/A         2    N/A
 Confuse                  Hex            Unusable     N/A         3    N/A
 Dazzling Spray           Conj/Hex       Unusable     N/A         3    N/A
 Summon Guardian Golem    Hex/Summ       Unusable     N/A         3    N/A
 Tukima's Dance           Hex            Unusable     N/A         3    N/A
 Cause Fear               Hex            Unusable     N/A         4    N/A
 Petrify                  Tmut/Erth      Unusable     N/A         4    N/A
 Bolt of Magma            Conj/Fire/Erth Unusable     N/A         5    N/A
 Metabolic Englaciation   Hex/Ice        Unusable     N/A         5    N/A
 Summon Mana Viper        Hex/Summ       Unusable     N/A         5    N/A
 Yara's Violent Unravell  Hex/Tmut       Unusable     N/A         5    N/A
 Iron Shot                Conj/Erth      Unusable     N/A         6    N/A
 Statue Form              Tmut/Erth      Unusable     N/A         6    N/A
 Spellforged Servitor     Conj/Summ      Unusable     N/A         7    N/A

Dungeon Overview and Level Annotations

Branches:
Dungeon (11/15)            Temple (1/1) D:4            Lair (6/6) D:8
  Swamp (0/4) Lair:2        Snake (3/4) Lair:3        Slime (0/5) Lair:5
    Orc (2/2) D:11            Elf (0/3) Orc:2       Volcano (visited)

Altars:
Ashenzari
Cheibriados
Dithmenos
Elyvilon
Fedhas
Gozag
Hepliaklqana
Kikubaaqudgha
Makhleb
Nemelex Xobeh
Okawaru
Qazlal
Ru
Sif Muna
Trog
Uskayaw
Vehumet
Wu Jian
Xom
Yredelemnul
Zin
The Shining One
Beogh
Jiyva

Shops:
D:5 *=   D:10 [   Orc:2 (!?[   Snake:2 !*

Annotations:
Orc:2 exclusion: door


Innate Abilities, Weirdness & Mutations

You are too large for most types of armour.
You have claws for hands.
Your metabolism is lightning-fast.
You like to eat raw meat.
Your natural rate of healing is unusually fast.
You are covered in fur. (AC +1)
You have extremely tough skin. (AC +3)
You cannot study or use magical devices.
You cannot study or cast Earth magic.
You cannot study or cast Hexes magic.
You cannot study or cast Summoning magic.
You are missing an eye, making it more difficult to aim.
You are sensitive to extremes of temperature. (rF-, rC-)


Message History

You kill the shock serpent!
The air sparks with electricity, shocking you!
* * * LOW HITPOINT WARNING * * *
An anaconda comes into view.
You redirect the shock serpent's attack!
You closely miss the salamander mystic.
The salamander mystic is almost dead.
The anaconda hisses angrily.
The salamander mystic hits you but does no damage.
You scratch the salamander mystic but do no damage.
The salamander mystic is almost dead.
The salamander mystic is stunned by your will and fails to attack.
You closely miss the salamander mystic.
The salamander mystic is almost dead.
You block the salamander mystic's attack.
You barely miss the salamander mystic.
The salamander mystic is almost dead.
The guardian serpent weaves intricate patterns with the tip of its tongue.
The anaconda blinks!
The salamander blinks!
The anaconda grabs you. You block the anaconda's attack.
The anaconda constricts you.
A naga mage comes into view. It is wielding a +0 spear.
The shock serpent bites you!
* * * LOW HITPOINT WARNING * * *
The shock serpent shocks you!
* * * LOW HITPOINT WARNING * * *
You hear a shout!
The helpless salamander fails to defend itself.
You eviscerate the salamander!!!
You kill the salamander!
The anaconda bites you.
* * * LOW HITPOINT WARNING * * *
x2 The anaconda constricts you.
You redirect the salamander mystic's attack!
The salamander mystic hits the naga warrior with a +0 dagger.
The naga warrior is engulfed in flames!
The naga warrior dies!
You block the shock serpent's attack.
Okay, then.
Okay, then.
Okay, then.
You're too exhausted to power leap.
You eviscerate the shock serpent!!!
The shock serpent is almost dead.
The shock serpent's electric aura discharges violently, shocking you!
* * * LOW HITPOINT WARNING * * *
You hear a shout!
You hear an angry hiss. x2
You block the anaconda's attack. The anaconda constricts you.
You redirect the salamander mystic's attack!
The salamander mystic hits the salamander but does no damage.
The shock serpent bites you but does no damage.
The anaconda bites you!
* * * LOW HITPOINT WARNING * * *
x2 The anaconda constricts you.
Okay, then.
Unknown command.
You're too exhausted to power leap.
You miss the shock serpent.
The shock serpent is almost dead.
The naga shouts!
You hear a shout!
The anaconda misses you. The anaconda constricts you.
The shock serpent bites you!
* * * LOW HITPOINT WARNING * * *
The shock serpent shocks you!
You die...

.#... . #.#.# !..#..##.
#.#. ........# ##..###
.?.#....# #.....#
(.#....S### ##.....##
..N...S.#...###.#.....##
....S.#.####....<.......#
.N#.....#.###SS........#
.NN...#..#S<.#@).#.....##
#N##(...NS###N####..####
#....#..NN## ####
#.###...#SS# !. )###NS.#
.. .. #N.## # ..N ..#.
.... ...##. .#.. .. ..


You could see a salamander mystic, 2 salamanders, an anaconda, 2 shock serpents,
a guardian serpent, a black mamba and 2 nagas.

Vanquished Creatures
  Jorgrun (Snake:1)
  Gastronok (Orc:1)
  2 orc warlords
  Aizul (Snake:2)
  A fire dragon (Lair:6)
  The ghost of hitsuchi the Grappler, a journeyman TrHu of Nemelex Xobeh (D:11)
  Fannar (Lair:1)
  3 hydras
  4 catoblepae
  5 naga warriors
  The ghost of Ponis the Devastator, a journeyman DECj of Sif Muna (Lair:1)
  A centaur warrior (D:7)
  Erica (Lair:2)
  4 anacondas
  9 two-headed ogres
  4 death yaks
  4 orc high priests (Orc:2)
  An ogre mage (Volcano)
  5 shock serpents
  4 naga sharpshooters
  The ghost of Loge the Spear-Bearer, a novice MfSk of Okawaru (D:8)
  A hell knight (Volcano)
  2 lindwurms
  7 mana vipers (Snake:1)
  Pikel (D:5)
  3 naga ritualists (Snake:1)
  8 orc knights
  3 ugly things
  An oklob plant (Lair:2)
  A manticore (D:11)
  A moth of wrath (D:11)
  3 orc sorcerers (Orc:2)
  10 elephants
  9 salamanders
  Maurice (Orc:1)
  32 black mambas
  9 naga magi
  2 molten gargoyles (Lair:6)
  9 spiny frogs
  7 komodo dragons
  3 trolls
  A queen bee (D:10)
  4 hornets
  4 hippogriffs
  4 dream sheep (Lair:6)
  A blink frog (Lair:1)
  5 wyverns
  Sigmund (D:4)
  37 yaks
  8 basilisks
  2 steam dragons
  A hungry ghost (D:10)
  25 nagas
  2 wargs (Orc:2)
  Duvessa (D:4)
  12 water moccasins
  3 hell hounds (Lair:6)
  2 sky beasts
  7 porcupines
  3 slaves (D:5)
  A hornet zombie (D:8)
  3 ice beasts
  43 orc warriors
  A swamp drake (Lair:2)
  An eye of draining (D:9)
  2 black bears
  A necrophage (D:5)
  7 wolves
  17 ogres
  8 centaurs
  6 crocodiles
  11 bullfrogs
  Dowan (D:4)
  2 wyvern skeletons
  3 scorpions
  14 killer bees
  4 howler monkeys
  An electric eel (Lair:4)
  3 centaur zombies
  2 bullfrog zombies
  6 crimson imps
  5 lava snakes (Lair:6)
  6 jellies
  3 quasits
  2 centaur skeletons
  31 orc priests
  3 hounds (D:5)
  23 orc wizards
  2 bullfrog skeletons
  5 iguanas
  5 hell rats (Lair:1)
  12 worker ants
  A hound zombie (D:7)
  A worker ant zombie (D:9)
  14 adders
  11 gnolls
  4 river rats (Lair:1)
  A shadow imp (D:7)
  5 oozes (D:9)
  An adder zombie (D:6)
  2 adder skeletons
  11 worms
  A dart slug (D:3)
  8 leopard geckos
  128 orcs
  5 giant cockroaches
  6 hobgoblins
  18 jackals
  6 quokkas
  A ball python zombie (D:5)
  8 bats
  6 frilled lizards
  9 goblins
  A jackal zombie (D:7)
  5 kobolds
  A quokka skeleton (D:5)
  16 rats
  2 fungi (Lair:4)
  8 plants
805 creatures vanquished.

Vanquished Creatures (others)
  2 hydras
  A naga warrior (Snake:3)
  A two-headed ogre (Orc:2)
  A black mamba (Snake:1)
  A blink frog (Lair:1)
  A wyvern (Lair:6)
  A soldier ant (D:11)
  An orc warrior (Orc:1)
  A slave (D:5)
  An ogre (Orc:2)
  A wolf (Lair:2)
  A shadow imp (D:5)
  5 orcs
  3 fungi
  A plant (Lair:4)
  12 toadstools (Lair:4)
34 creatures vanquished.

Grand Total: 839 creatures vanquished

Notes
Turn   | Place    | Note
-------+----------+-------------------------------------------
     0 | D:1      | Amnesiac the Troll Monk began the quest for the Orb.
     0 | D:1      | Reached XP level 1. HP: 22/22 MP: 0/0
    62 | D:1      | Reached XP level 2. HP: 24/29 MP: 1/1
   237 | D:2      | Reached skill level 4 in Unarmed Combat
   285 | D:2      | Reached XP level 3. HP: 28/36 MP: 2/2
   563 | D:2      | Reached skill level 5 in Unarmed Combat
   563 | D:2      | Reached XP level 4. HP: 43/44 MP: 3/3
  1041 | D:4      | Noticed Dowan
  1042 | D:4      | Noticed Duvessa
  1064 | D:4      | Killed Duvessa
  1064 | D:4      | Reached skill level 6 in Unarmed Combat
  1064 | D:4      | Reached XP level 5. HP: 32/50 MP: 4/4
  1108 | D:4      | Killed Dowan
  1108 | D:4      | Reached XP level 6. HP: 39/59 MP: 5/5
  1230 | D:2      | Found a hide-covered altar of Uskayaw.
  1230 | D:2      | Found a shattered altar of Ashenzari.
  1366 | D:4      | Found a staircase to the Ecumenical Temple.
  1375 | Temple   | Entered the Ecumenical Temple
  1580 | Temple   | Became a worshipper of Ru the Awakened
  1586 | Temple   | Gained mutation: You cannot study or use magical devices.
                  | [Ru sacrifice]
  1586 | Temple   | Reached * piety under Ru
  1586 | Temple   | Reached ** piety under Ru
  1602 | D:4      | Reached skill level 7 in Unarmed Combat
  2600 | D:3      | Found a glowing silver altar of Zin.
  2600 | D:3      | Noticed an angel
  3116 | D:5      | Entered Level 5 of the Dungeon
  3227 | D:5      | Reached skill level 8 in Unarmed Combat
  3269 | D:4      | Reached XP level 7. HP: 64/66 MP: 6/6
  3276 | D:4      | Noticed Sigmund
  3344 | D:4      | Killed Sigmund
  3374 | D:4      | Reached skill level 9 in Unarmed Combat
  3379 | D:4      | Found a blossoming altar of Fedhas.
  3491 | D:4      | Gained mutation: You cannot study or cast Earth magic. [Ru
                  | sacrifice]
  3491 | D:4      | Gained mutation: You cannot study or cast Hexes magic. [Ru
                  | sacrifice]
  3491 | D:4      | Gained mutation: You cannot study or cast Summoning magic.
                  | [Ru sacrifice]
  3491 | D:4      | Reached *** piety under Ru
  3697 | D:4      | Found a radiant altar of Vehumet.
  4624 | D:3      | Found an iron altar of Okawaru.
  4737 | D:5      | Found Moreyfan's Jewellery Shoppe.
  4967 | D:5      | Reached XP level 8. HP: 52/74 MP: 7/7
  4979 | D:5      | Reached skill level 10 in Unarmed Combat
  5068 | D:5      | Found Decatuiwk's Assorted Antiques.
  5075 | D:5      | Bought a scroll labeled TEUBUS KE VUEM for 27 gold pieces
  5075 | D:5      | Bought a glowing grey potion for 24 gold pieces
  5075 | D:5      | Bought a moonstone ring for 135 gold pieces
  5130 | D:5      | Noticed Pikel
  5184 | D:5      | Killed Pikel
  5184 | D:5      | Reached skill level 11 in Unarmed Combat
  5891 | D:6      | Reached skill level 1 in Shields
  5940 | D:6      | Reached XP level 9. HP: 80/80 MP: 8/8
  5941 | D:6      | Gained mutation: You are missing an eye, making it more
                  | difficult to aim. [Ru sacrifice]
  5941 | D:6      | Reached **** piety under Ru
  5959 | D:5      | Found a shattered altar of Ashenzari.
  6527 | D:7      | Reached skill level 5 in Shields
  6828 | D:7      | Found a burning altar of Makhleb.
  6857 | D:7      | Noticed a brown ugly thing
  6858 | D:7      | Noticed a centaur warrior
  7066 | D:7      | Killed a centaur warrior
  7066 | D:7      | Reached XP level 10. HP: 69/94 MP: 4/9
  7110 | D:7      | Killed a brown ugly thing
  7351 | D:7      | Reached skill level 5 in Fighting
  7351 | D:7      | Reached skill level 5 in Dodging
  7443 | D:7      | Noticed a catoblepas
  7461 | D:7      | Killed a catoblepas
  7461 | D:7      | Reached skill level 12 in Unarmed Combat
  7738 | D:8      | Found a transporter.
  7744 | D:8      | Noticed Loge's ghost (novice MfSk)
  7764 | D:8      | Found a transporter.
  8003 | D:8      | Gained mutation: You are sensitive to extremes of
                  | temperature. (rF-, rC-) [Ru sacrifice]
  8003 | D:8      | Reached ***** piety under Ru
  8003 | D:8      | Reached ****** piety under Ru
  8211 | D:8      | Found a staircase to the Lair.
  8473 | D:8      | Learned a level 1 spell: Animate Skeleton
  8475 | D:8      | Learned a level 1 spell: Apportation
  8527 | D:8      | Killed Loge's ghost
  8902 | D:9      | Noticed a two-headed ogre
  8910 | D:9      | Killed a two-headed ogre
  8910 | D:9      | Reached XP level 11. HP: 61/105 MP: 10/10
  9497 | D:10     | Entered Level 10 of the Dungeon
  9562 | D:10     | Noticed a purple ugly thing
  9573 | D:10     | Killed a purple ugly thing
  9928 | D:10     | Found Fisoduyts's Antique Armour Shoppe.
  9937 | D:10     | Bought a wizard robe for 125 gold pieces
  9947 | D:10     | Identified the +2 robe of the Dice {+Blink rF+ Str-5 Dex+8}
                  | (You bought it in a shop on level 10 of the Dungeon)
 10431 | D:11     | Reached skill level 13 in Unarmed Combat
 10447 | D:11     | Noticed hitsuchi's ghost (journeyman TrHu)
 10694 | D:11     | Noticed a red ugly thing
 10713 | D:11     | Killed a red ugly thing
 10722 | D:11     | Reached XP level 12. HP: 118/118 MP: 11/11
 10801 | D:11     | Found a transporter.
 10813 | D:11     | Found a transporter.
 10915 | D:11     | Noticed a two-headed ogre
 10922 | D:11     | Killed a two-headed ogre
 10955 | D:11     | Found a staircase to the Orcish Mines.
 11381 | D:11     | Killed hitsuchi's ghost
 11473 | Lair:1   | Identified a paperback manual
 11473 | Orc:1    | Entered Level 1 of the Orcish Mines
 11897 | Orc:2    | Entered Level 2 of the Orcish Mines
 11955 | Orc:2    | Noticed a two-headed ogre
 11970 | Orc:2    | Killed a two-headed ogre
 11975 | Orc:2    | Noticed a two-headed ogre
 11997 | Orc:2    | Killed a two-headed ogre
 12142 | Orc:1    | Noticed Gastronok
 12151 | Orc:1    | Killed Gastronok
 12313 | Orc:1    | Noticed Maurice
 12322 | Orc:1    | Killed Maurice
 12417 | Orc:1    | Noticed an orc warlord
 12443 | Orc:1    | Killed an orc warlord
 12616 | Orc:2    | Reached skill level 14 in Unarmed Combat
 12888 | Orc:2    | Reached XP level 13. HP: 128/128 MP: 12/12
 13231 | Orc:2    | Noticed an orc warlord
 13262 | Orc:2    | Killed an orc warlord
 13625 | Orc:2    | Found a roughly hewn altar of Beogh.
 13732 | Orc:2    | Found Wumeciqe's Antique Weapon Shop.
 13780 | Orc:2    | Found Ikhoh's Distillery.
 13795 | Orc:2    | Bought a potion of lignification for 39 gold pieces
 13795 | Orc:2    | Bought a potion of magic for 104 gold pieces
 13795 | Orc:2    | Bought a potion of might for 52 gold pieces
 13865 | Orc:2    | Found a staircase to the Elven Halls.
 13991 | Orc:2    | Found Yluintuo's Magic Scroll Shop.
 14030 | Orc:2    | Bought a scroll of summoning for 123 gold pieces
 14030 | Orc:2    | Bought a scroll of holy word for 97 gold pieces
 14036 | Orc:2    | Found Wul Ygoj's Armour Boutique.
 14040 | Orc:2    | Reached skill level 15 in Unarmed Combat
 14061 | Orc:2    | Found a roughly hewn altar of Beogh.
 14690 | Lair:1   | Entered Level 1 of the Lair of Beasts
 14776 | Lair:1   | Found a runed translucent door.
 14779 | Lair:1   | Noticed Ponis's ghost (journeyman DECj)
 14851 | Lair:1   | Found a dark tunnel.
 14866 | Lair:1   | Noticed Fannar
 14879 | Lair:1   | Killed Fannar
 14910 | Volcano  | Entered a volcano
 14955 | Volcano  | Reached skill level 16 in Unarmed Combat
 15612 | Lair:1   | Reached XP level 14. HP: 140/140 MP: 8/13
 16081 | Lair:1   | Killed Ponis's ghost
 16138 | Lair:2   | Found a staircase to the Swamp.
 16253 | Lair:2   | Identified the Compendium of Protection and Curses
 16304 | Lair:2   | Noticed Erica
 16316 | Lair:2   | Killed Erica
 16488 | Lair:2   | Reached skill level 17 in Unarmed Combat
 17260 | Lair:3   | Identified the Reference Book on the Ashen Glacier
 17399 | Lair:3   | Found a staircase to the Snake Pit.
 19436 | Lair:4   | Found a runed translucent door.
 19794 | Lair:4   | Got a scintillating ivory ring
 19802 | Lair:4   | Identified the ring of Uzorph Gifesa {rPois rC- rN+ Str+9
                  | Stlth-} (You found it on level 4 of the Lair of Beasts)
 19890 | Lair:5   | Found a staircase to the Slime Pits.
 19890 | Lair:5   | Found a viscous altar of Jiyva.
 20252 | Lair:5   | Reached skill level 18 in Unarmed Combat
 21135 | Lair:6   | Entered Level 6 of the Lair of Beasts
 21392 | Lair:6   | Found a large runed translucent door.
 21401 | Lair:6   | Found a large runed translucent door.
 21438 | Lair:6   | Reached skill level 19 in Unarmed Combat
 21971 | Lair:6   | Reached XP level 15. HP: 116/146 MP: 14/14
 22622 | Snake:1  | Entered Level 1 of the Snake Pit
 22905 | Snake:1  | Reached skill level 20 in Unarmed Combat
 23048 | Snake:1  | Noticed Jorgrun
 23103 | Snake:1  | Killed Jorgrun
 23971 | Snake:2  | Found a blossoming altar of Fedhas.
 24026 | Snake:2  | Noticed Aizul
 24037 | Snake:2  | Killed Aizul
 24040 | Snake:2  | Reached skill level 21 in Unarmed Combat
 24811 | Snake:2  | Found Filikloi's General Store.
 24811 | Snake:2  | Found Retwazeg's Distillery.
 24825 | Snake:2  | Bought a potion of heal wounds for 85 gold pieces
 25146 | Snake:3  | Slain by a shock serpent

Levels and vault maps discovered:
D:1:      saegor_arrival_simple_c, layout_loops_ring
D:2:      layout_loops_ring, nicolae_overflow_hidden_temple, first_ration
D:3:      layout_basic, kennysheep_okawaru_gauntlet, zin_angel
D:4:      layout_loops_corners, lemuel_round_altar, old_standard_altar,
          minmay_temple_entry_mist, uniq_sigmund, uniq_duvessa
D:5:      lemuel_upstairs_altar, layout_layer_cave, serial_shops,
          nicolae_shop_waterfront, nicolae_shop_crystal, uniq_pikel
D:6:      layout_cave_pools
D:7:      minmay_the_grid_triangle_9x9_recursive_2
          [minmay_the_grid_triangle_9x9_prize_center,
          minmay_the_grid_triangle_9x9_thin_v,
          minmay_the_grid_triangle_9x9_shrine,
          minmay_the_grid_triangle_9x9_empty], layout_basic
D:8:      layout_loops_ring, lair_entry_dummy, gammafunk_ghost_arena
D:9:      layout_stronghold, hangedman_little_slice_of_home
D:10:     layout_roguey, serial_shops, shop, nicolae_looking_at_the_future
D:11:     layout_loops_cross, hiddenorc1_lemuel,
          gammafunk_ghost_berserking_beasts
Temple:   eino_temple_scatter_basement
Lair:1:   wander_river, layout_regular_city, nicolae_volcano_entry_vermiform,
          ebering_ghost_inner_flame, st_stairs_7, kennysheep_abandoned_house,
          lemuel_fruit_fields, uniq_fannar
Lair:2:   layout_cave_pods, minmay_swamp_entry_reptiles,
          minmay_lair_oklob_chamber, uniq_erica
Lair:3:   layout_cave_pods, minmay_snake_entry_guardpost_medium
Lair:4:   gammafunk_lair_enchanted_lake, layout_cave_pods
Lair:5:   layout_cave_pods, slime_altar_1, wad_woods_03
Lair:6:   cheibrodos_lair_end_hotspot, layout_gridlike
Snake:1:  layout_grid_maze, st_stairs_10, nicolae_snake_shapes, uniq_jorgrun
Snake:2:  layout_chambers, basic_altar, minmay_shoptagon, uniq_aizul
Snake:3:  layout_onion_interference, serial_shops, shop_statue, uniq_donald
Orc:1:    cheibrodos_orc_arena, layout_caves, uniq_maurice, uniq_gastronok
Orc:2:    pubby_orc_utopia

Skill      XL: |  1  2  3  4  5  6  7  8  9 10 11 12 13 14 15 |
---------------+----------------------------------------------+-----
Unarmed Combat | 4 5 6 8 9 11 12 13 14 16 19 21 | 21.3
Shields        | 3 5 6 7 8 9 |  9.0
Fighting       | 4 6 7 8 9 |  9.0
Dodging        | 4 6 7 8 9 |  9.0
Stealth        | |  1.0

Action                   |  1- 3 |  4- 6 |  7- 9 | 10-12 | 13-15 || total
-------------------------+-------+-------+-------+-------+-------++-------
Melee: Unarmed           |    81 |   136 |   322 |   972 |  1257 ||  2768
       Punch             |       |     2 |       |       |       ||     2
Throw: Stone             |       |       |    13 |       |       ||    13
       Dart              |       |       |     7 |       |     4 ||    11
Invok: Sacrifice Artific |       |     1 |       |       |       ||     1
       Sacrifice Arcana  |       |       |     1 |       |       ||     1
       Sacrifice an Eye  |       |       |     1 |       |       ||     1
       Power Leap        |       |       |       |     7 |    11 ||    18
       Apocalypse        |       |       |       |     3 |    11 ||    14
       Sacrifice Resista |       |       |       |     1 |       ||     1
       Draw Out Power    |       |       |       |       |     1 ||     1
  Use: Scroll            |       |     8 |     3 |    10 |     5 ||    26
       Potion            |       |       |       |     6 |     8 ||    14
 Stab: Sleeping          |     2 |     4 |     3 |     7 |       ||    16
       Distracted        |       |     1 |     1 |     4 |    12 ||    18
       Invisible         |       |       |     1 |     4 |    19 ||    24
       Paralysed         |       |       |       |    22 |    27 ||    49
       Petrified         |       |       |       |       |     6 ||     6
       Confused          |       |       |       |       |     1 ||     1
  Eat: Chunk             |    10 |    25 |    35 |    57 |    92 ||   219
       Ration            |       |       |       |       |     3 ||     3
Armor: Robe              |    40 |    43 |    94 |   195 |   185 ||   557
       Fire dragon scale |       |       |       |       |   112 ||   112
Dodge: Dodged            |    49 |    58 |    99 |   360 |   540 ||  1106
Block: Large shield      |       |     2 |       |       |       ||     2
       Shield            |       |       |    89 |   427 |   592 ||  1108

Table legend:
 A = Non-vault XP
 B = Vault XP
 C = Vault XP percentage of total XP
 D = Non-vault monster count
 E = Vault monster count
 F = Vault count percentage of total count
                 A         B        C        D         E       F
            +---------+---------+-------+---------+---------+-------
      Total |   85451 |   66985 |  43.9 |     484 |     316 |  39.5
            +---------+---------+-------+---------+---------+-------
        D:1 |      27 |       0 |   0.0 |      17 |       0 |   0.0
        D:2 |     173 |       0 |   0.0 |      42 |       0 |   0.0
        D:3 |      77 |       4 |   4.9 |      22 |       2 |   8.3
        D:4 |     465 |     414 |  47.1 |      15 |       3 |  16.7
        D:5 |     625 |     629 |  50.2 |      22 |       1 |   4.3
        D:6 |    1035 |       0 |   0.0 |      23 |       0 |   0.0
        D:7 |    1490 |    3190 |  68.2 |      33 |      12 |  26.7
        D:8 |    1314 |    1124 |  46.1 |      19 |       4 |  17.4
        D:9 |    2222 |     152 |   6.4 |      27 |       8 |  22.9
       D:10 |    4166 |     807 |  16.2 |      29 |       9 |  23.7
       D:11 |    6674 |    2729 |  29.0 |      45 |      28 |  38.4
     Lair:1 |    6060 |    2799 |  31.6 |      21 |      22 |  51.2
     Lair:2 |    3298 |    1753 |  34.7 |      17 |       6 |  26.1
     Lair:3 |     598 |    1149 |  65.8 |       4 |       7 |  63.6
     Lair:4 |    6575 |    4238 |  39.2 |      24 |      10 |  29.4
     Lair:5 |    6213 |       0 |   0.0 |      14 |       0 |   0.0
     Lair:6 |    3720 |    8099 |  68.5 |      12 |      27 |  69.2
    Snake:1 |   19658 |    8231 |  29.5 |      39 |      13 |  25.0
    Snake:2 |   14347 |    1603 |  10.1 |      29 |       1 |   3.3
    Snake:3 |    5030 |       0 |   0.0 |       8 |       0 |   0.0
      Orc:1 |    1684 |    5569 |  76.8 |      22 |      18 |  45.0
      Orc:2 |       0 |   19279 | 100.0 |       0 |     139 | 100.0
    Volcano |       0 |    5216 | 100.0 |       0 |       6 | 100.0
            +---------+---------+-------+---------+---------+-------
